 Dungeon Crawl Stone Soup version 0.31-a0-175-g9f7f995f2b (webtiles) character file.

Game seed: 14062130843945696108

317 qw the Shooter (level 6, -1/38 HPs)
             Began as a Gargoyle Hunter on June 17, 2023.
             Slain by an ogre
             ... wielding a +0 giant club
              (14 damage)
             ... on level 4 of the Dungeon.
             The game lasted 00:00:58 (2753 turns).

qw the Shooter (Gargoyle Hunter)                    Turns: 2753, Time: 00:00:59

Health: -1/38      AC:  9    Str: 14    XL:     6   Next: 44%
Magic:  6/6        EV: 11    Int: 10    God:
Gold:   137        SH:  0    Dex: 15    Spells: 5/5 levels left

rFire   + . .        Y - +3 shortbow (flame)
rCold   . . .        (shield currently unavailable)
rNeg    + . .        c - +0 leather armour
rPois   inf          (no helmet)
rElec   +            f - +0 cloak
rCorr   .            b - +0 pair of gloves
SInv    .            (no boots)
Will    .....        (no amulet)
Stlth   ++           h - ring of protection from fire
HPRegen 0.26/turn    (no ring)
MPRegen 0.10/turn

%: no passive effects
@: no status effects
A: sickness immunity, AC +4, negative energy resistance 1, electricity
resistance, torment resistance 1, petrification resistance
a: no special abilities


You were on level 4 of the Dungeon.
You visited 1 branch of the dungeon, and saw 4 of its levels.

You collected 137 gold pieces.


Innate Abilities, Weirdness & Mutations

You are immune to sickness and miasma.
Your stone body is resilient. (AC +4)
You are immune to poison.
You resist negative energy. (rN+)
You are resistant to electric shocks. (rElec)
You are resistant to unholy torment.
You are immune to petrification.


   Skills:
 - Level 4.0 Fighting
 + Level 6.3 Ranged Weapons
 - Level 2.4 Armour
 - Level 1.5 Dodging
 - Level 1.1 Stealth


You had 5 spell levels left.
You didn't know any spells.
Your spell library was empty.

Inventory:

Hand Weapons
 Y - a +3 shortbow of flaming (weapon)
Armour
 b - a +0 pair of gloves (worn)
 c - a +0 leather armour (worn)
 f - a +0 cloak (worn)
 l - a +0 ring mail
Jewellery
 h - a ring of protection from fire (left hand)
Scrolls
 e - a scroll of identify
 i - a scroll of fear {unknown}
Potions
 a - 2 potions of enlightenment {unknown}
 d - a potion of curing {unknown}
 g - a potion of heal wounds
 j - 2 potions of lignification {unknown}
 k - a potion of magic

Dungeon Overview and Level Annotations

Branches:
Dungeon (4/15)
 Temple: D:4-7

Altars:
Ashenzari
The Shining One


Message History

You shoot an arrow. The arrow hits the hobgoblin.
The arrow burns the hobgoblin.
You kill the hobgoblin!
An ogre comes into view. It is wielding a +0 giant club.
Robin says, "Bow before me, strongest of all the hobgoblins!"
You shoot an arrow. The arrow hits Robin.
The arrow burns Robin.
Robin is lightly wounded.
Robin hits you but does no damage.
A hobgoblin comes into view.
You shoot an arrow. The arrow hits Robin.
The arrow burns Robin.
Robin is severely wounded.
Robin throws the goblin at you!
You shoot an arrow. The arrow hits Robin.
The arrow burns Robin.
Robin is almost dead.
The goblin hits you but does no damage. Robin barely misses you. x2
The goblin barely misses you.
You shoot an arrow. The arrow hits Robin.
The arrow burns Robin.
You kill Robin!
The goblin hits you with a +0 club.
You shoot an arrow. The arrow hits the goblin.
The arrow burns the goblin.
You kill the goblin!
You shoot an arrow. The arrow hits the ogre!
The arrow burns the ogre.
The ogre is moderately wounded.
A goblin comes into view. It is wielding a +0 club.
The ogre misses you.
You shoot an arrow. The arrow closely misses the ogre.
You shoot an arrow. The arrow barely misses the ogre.
The ogre misses you.
You shoot an arrow. The arrow hits the ogre.
The arrow burns the ogre.
The ogre is heavily wounded.
The hobgoblin no longer looks unusually strong.
The ogre hits you with a +0 giant club!!
Ouch! That really hurt!
You shoot an arrow. The arrow hits the ogre.
The arrow burns the ogre.
The ogre is severely wounded.
The ogre barely misses you.
You shoot an arrow. The arrow hits the ogre.
The arrow burns the ogre.
The ogre is almost dead.
The goblin no longer looks unusually strong.
The ogre hits you with a +0 giant club!
You die...

##..##
#....##.....%....#
##..###.#####....#######
##...#.# #....# ###...#
#....# ###.#####.##.#
#..>....##.#
#.#.######.#
#)#.#......#
#@#.#.######
....ggO)#.#.#
#########.#.# ..#.#
#####.# #..<#.#
#.###.#### #.# #....#
#.######.#


You could see an ogre, a hobgoblin and a goblin.

Vanquished Creatures
  A scorpion (D:4)
  2 vampire bats (D:4)
  Terence (D:3)
  Robin (D:4)
  6 adders
  2 worms
  2 dart slugs
  6 orcs
  6 endoplasms
  2 giant cockroaches
  7 goblins
  7 hobgoblins
  2 jackals (D:2)
  4 kobolds
  A quokka (D:2)
  8 ball pythons
  9 bats
  3 frilled lizards
  9 rats
79 creatures vanquished.

Notes
Turn   | Place    | Note
-------+----------+-------------------------------------------
     0 | D:1      | qw the Gargoyle Hunter began the quest for the Orb.
     0 | D:1      | Reached XP level 1. HP: 12/12 MP: 1/1
     0 | D:1      | 0 ||| qw: Version: 0.3-a-3-g30531e4
     0 | D:1      | 0 ||| qw: Game counter: 411
     0 | D:1      | 0 ||| qw: Always use a shield: true
     0 | D:1      | 0 ||| qw: God list: Okawaru
     0 | D:1      | 0 ||| qw: Allow faded altars: false
     0 | D:1      | 0 ||| qw: Do Orc after D:15 true
     0 | D:1      | 0 ||| qw: Do second Lair branch before Depths: true
     0 | D:1      | 0 ||| qw: Lair rune preference: random
     0 | D:1      | 0 ||| qw: Plans: Normal, Zot:1-4, Slime:5, God:TSO, Crypt,
                  | Tomb, Abyss, Pan, Hells, Win
     0 | D:1      | 0 ||| PLANNING D:1-11
   185 | D:1      | Found a faded altar of an unknown god.
   191 | D:1      | Reached XP level 2. HP: 17/17 MP: 2/2
   722 | D:1      | 722 ||| UPGRADING to ring of protection from fire.
   723 | D:1      | 723 ||| READING scroll labelled ABIGAILURA.
   724 | D:1      | 724 ||| READING scroll labelled ECVIYTY ONORY.
   725 | D:1      | 725 ||| READING scroll labelled NOWNIRCHYGUE.
   726 | D:1      | 726 ||| READING scroll labelled LUCKUN NUEBBAX.
   727 | D:1      | 727 ||| DRINKING 2 brown potions.
   728 | D:1      | 728 ||| DROPPING scroll of butterflies.
   851 | D:2      | Reached XP level 3. HP: 13/21 MP: 3/3
   962 | D:2      | Reached skill level 5 in Ranged Weapons
  1275 | D:2      | Reached skill level 3 in Fighting
  1275 | D:2      | Reached XP level 4. HP: 28/28 MP: 4/4
  1560 | D:2      | 1560 ||| UPGRADING to +0 cloak.
  1565 | D:2      | 1565 ||| READING scroll labelled LIUNWO KUABA.
  1566 | D:2      | 1566 ||| STAIRDANCE
  1583 | D:1      | 1583 ||| READING scroll labelled YXZIOZ BEAGGYPN.
  1584 | D:1      | 1584 ||| READING scroll labelled RIMPOXZOGEG.
  1588 | D:1      | 1588 ||| READING 3 scrolls labelled GEQIFF WESAOHA.
  1589 | D:1      | 1589 ||| READING 2 scrolls of enchant weapon.
  1589 | D:1      | 1589 ||| ENCHANTING +1 shortbow of flaming.
  1590 | D:1      | 1590 ||| READING scroll of enchant weapon.
  1590 | D:1      | 1590 ||| ENCHANTING +2 shortbow of flaming.
  1591 | D:1      | 1591 ||| READING 2 scrolls of identify.
  1591 | D:1      | 1591 ||| IDENTIFYING blue potion
  1840 | D:3      | Found a glowing golden altar of the Shining One.
  1970 | D:3      | Noticed Terence
  1985 | D:3      | Killed Terence
  2133 | D:3      | Found a broken altar of Ashenzari.
  2140 | D:3      | Reached XP level 5. HP: 32/32 MP: 5/5
  2213 | D:3      | 2213 ||| UPGRADING to +0 pair of gloves.
  2334 | D:4      | Reached skill level 6 in Ranged Weapons
  2336 | D:4      | Reached XP level 6. HP: 37/37 MP: 6/6
  2734 | D:4      | Noticed Robin
  2746 | D:4      | Killed Robin
  2753 | D:4      | Slain by an ogre

Levels and vault maps discovered:
D:1:      nzn_arrival_depleted_hourglass, layout_loops_ring,
          shapermc_ecumenical_altar_ellora
D:2:      layout_loops_corners
D:3:      layout_loops_ring, old_standard_altar,
          mainiacjoe_overflow_concentric_impassable, uniq_terence
D:4:      layout_basic, roderic_batcave, hangedman_decor_opposing,
          grunt_ministairs_9, corexii_item_surrounded_by_moat,
          minmay_misc_feat_doors, uniq_edmund, uniq_robin

Skill      XL: |  1  2  3  4  5  6 |
---------------+-------------------+-----
Ranged Weapons | 5 6 |  6.3
Fighting       | 3 4 |  4.0
Armour         | 2 |  2.4
Dodging        | |  1.5
Stealth        | |  1.1

Action                     |  1- 3 |  4- 6 || total
---------------------------+-------+-------++-------
   Fire: Shortbow          |   102 |   100 ||   202
    Use: Scroll            |     4 |     7 ||    11
         Potion            |     1 |       ||     1
 Armour: Leather armour    |    13 |    37 ||    50
  Dodge: Dodged            |    22 |    34 ||    56

Table legend:
 A = Non-vault XP
 B = Vault XP
 C = Vault XP percentage of total XP
 D = Non-vault monster count
 E = Vault monster count
 F = Vault count percentage of total count
                 A         B        C        D         E       F
            +---------+---------+-------+---------+---------+-------
      Total |     263 |     190 |  41.9 |      62 |      17 |  21.5
            +---------+---------+-------+---------+---------+-------
        D:1 |      29 |       0 |   0.0 |      19 |       0 |   0.0
        D:2 |      54 |       0 |   0.0 |      16 |       0 |   0.0
        D:3 |      46 |      40 |  46.5 |      17 |       1 |   5.6
        D:4 |     134 |     150 |  52.8 |      10 |      16 |  61.5
            +---------+---------+-------+---------+---------+-------
